 Dungeon Crawl Stone Soup version 0.20-a0-1124-g2e29d97 (webtiles) character file.

36 Naow the Magician (level 3, -3/19 HPs)
             Began as a Deep Elf Fire Elementalist on May 16, 2017.
             Slain by a gnoll
             ... wielding a +0 flail
              (12 damage)
             ... on level 1 of the Dungeon.
             The game lasted 00:01:29 (1248 turns).

Naow the Magician (Deep Elf Fire Elementalist)      Turns: 1248, Time: 00:01:29

Health: -3/19      AC:  3    Str:  5    XL:     3   Next: 19%
Magic:  4/10       EV: 13    Int: 20    God:
Gold:   32         SH:  0    Dex: 15    Spells: 7/10 levels left

rFire    . . .     SeeInvis +   g - +0 dagger
rCold    . . .     Gourm    .   (no shield)
rNeg     . . .     Faith    .   a - +0 robe
rPois    .         Spirit   .   l - +1 hat
rElec    .         Reflect  .   (no cloak)
rCorr    .         Harm     .   (no gloves)
MR       .....                  (no boots)
Stlth    ++........             (no amulet)
Regen    0.1/turn               j - ring of see invisible
MPRegen  0.2/turn               (no ring)

@: very slightly contaminated
A: no striking features
a: no special abilities


You were on level 1 of the Dungeon.
You were not hungry.

You visited 1 branch of the dungeon, and saw 1 of its levels.

You collected 32 gold pieces.

Inventory:

Hand Weapons
 g - a +0 dagger (weapon)
Armour
 a - a +0 robe (worn)
 l - a +1 hat (worn)
Jewellery
 j - a ring of see invisible (left hand)
Scrolls
 d - a scroll of teleportation {unknown}
 f - a scroll of identify {unknown}
 m - a scroll of magic mapping {unknown}
Potions
 e - a potion of lignification {unknown}
 i - a potion of flight {unknown}
 k - a potion of degeneration {unknown}
 n - a potion of mutation {unknown}
Books
 b - a book of Flames

   Spells                             Type                      Level
   a - Flame Tongue                   Conjuration/Fire             1
   b - Throw Flame                    Conjuration/Fire             2
   c - Conjure Flame                  Conjuration/Fire             3
   d - Inner Flame                    Hexes/Fire                   3
   e - Sticky Flame                   Conjuration/Fire             4
   f - Fireball                       Conjuration/Fire             5
Comestibles
 c - a bread ration
 h - 2 chunks of flesh


   Skills:
 - Level 2.4 Dodging
 - Level 2.4 Stealth
 + Level 4.0 Spellcasting
 + Level 2.0 Conjurations
 + Level 3.8 Fire Magic


You had 7 spell levels left.
You knew the following spells:

 Your Spells              Type           Power        Failure   Level  Hunger
a - Flame Tongue          Conj/Fire      ###..        3%          1    None
b - Throw Flame           Conj/Fire      ###...       6%          2    #......


Dungeon Overview and Level Annotations

Branches:
Dungeon (1/15)

Altars:


Message History

The flame tongue hits the gnoll.
The gnoll is almost dead.
The gnoll barely misses you.
Casting: Flame Tongue
Confirm with . or Enter, or press ? or * to list all spells.
Aiming: Flame Tongue
Press: ? - help, Shift-Dir - straight line, f/p - gnoll
Aim: a gnoll, wielding a flail (almost dead)
You miscast Flame Tongue.
You are very lightly contaminated with residual magic.
The air around you crackles with energy!
The gnoll closely misses you.
Casting: Flame Tongue
Confirm with . or Enter, or press ? or * to list all spells.
Aiming: Flame Tongue
Press: ? - help, Shift-Dir - straight line, f/p - gnoll
Aim: a gnoll, wielding a flail (almost dead)
The flame tongue misses the gnoll.
The gnoll hits you with a flail!
Ouch! That really hurt!
You die...

#...##.##...## #[#..#
##.## #..
##..#.###..#####...## #.#
#.. ........>.......#..#
#.# #..
##.######..####.#..# #.#
#.. ...........# #.#..#
#.# #.) #########.##
#.#..#######.# #.. . #.#
#.#..........# #.. ##
#.#####g#.########## #..
#
#.#.....@.#############..
#.#.###.###).............
..# #.# #.#############
## #(# #.# #.# #.# #.#
#.# #########.###.##
#.........##.#.##
#.#########.###.#


You could see a gnoll.

Vanquished Creatures
  An ooze (D:1)
  A worm (D:1)
  A dart slug (D:1)
  A leopard gecko (D:1)
  A giant cockroach (D:1)
  6 goblins (D:1)
  3 hobgoblins (D:1)
  2 jackals (D:1)
  3 bats (D:1)
  A frilled lizard (D:1)
  3 kobolds (D:1)
23 creatures vanquished.

Notes
Turn   | Place    | Note
-------+----------+-------------------------------------------
     0 | D:1      | Naow the Deep Elf Fire Elementalist began the quest for the Orb.
     0 | D:1      | Reached XP level 1. HP: 10/10 MP: 6/6
    98 | D:1      | Reached XP level 2. HP: 14/15 MP: 1/8
   930 | D:1      | Reached XP level 3. HP: 18/19 MP: 6/10
  1050 | D:1      | Learned a level 2 spell: Throw Flame
  1052 | D:1      | Reached skill level 4 in Spellcasting
  1248 | D:1      | Slain by a gnoll

Vault maps used:
D:1:      dpeg_arrival_windows_large_door

Skill      XL: |  1  2  3 |
---------------+----------+-----
Spellcasting   | 4 |  4.0
Conjurations   | 2 |  2.0
Dodging        | |  2.4
Stealth        | |  2.4
Fire Magic     | |  3.8

Action                   || total
-------------------------++-------
Melee: Dagger            ||     4
 Cast: Flame Tongue      ||    45
       Throw Flame       ||     3
  Eat: Chunk             ||     1
Armor: Robe              ||     3
Dodge: Dodged            ||    17
